 Dungeon Sprint DCSS version 0.27.1-33-g824d729ab1 (webtiles) character file.

Game seed: 4690111503237531094

1823 manyhoops the Eclecticist (level 8, -8/41 HPs)
             Began as a Deep Elf Earth Elementalist on Nov 27, 2021.
             Was a Follower of Sif Muna.
             Mangled by a centaur warrior (10 damage)
             ... in the Dungeon (Sprint I: "Red Sonja").
             The game lasted 00:04:12 (735 turns).

manyhoops the Eclecticist (DEEE)                     Turns: 735, Time: 00:04:13

Health: -8/41      AC:  7    Str: 11    XL:     8   Next: 85%
Magic:  25/33      EV: 12    Int: 23    God:    Sif Muna [*.....]
Gold:   302        SH:  0    Dex: 15    Spells: 35/45 levels left

rFire    + . .     SeeInvis .   (no weapon)
rCold    . . .     Faith    .   (no shield)
rNeg     . . .     Spirit   .   j - +1 leather armour {rF+}
rPois    .         Reflect  .   (no helmet)
rElec    .         Harm     .   (no cloak)
rCorr    .         Rampage  .   m - +2 pair of gloves {Stlth+}
Will     .....     NoTele   +   (no boots)
Stlth    +++.......             (no amulet)
HPRegen  0.13/turn              l - +6 ring of strength
MPRegen  0.23/turn              (no ring)

@: no status effects
A: no striking features
a: Renounce Religion, Channel Magic


You were in the Dungeon.
You worshipped Sif Muna.
Sif Muna was aware of your devotion.
You visited 1 branch You collected 711 gold pieces.
You spent 409 gold pieces at shops.

Inventory:

Missiles
 i - 49 stones
Armour
 b - a +0 robe
 j - a +1 leather armour of fire resistance (worn)
 m - a +2 pair of gloves of stealth (worn)
Jewellery
 l - a +6 ring of strength (left hand)
Wands
 a - a wand of flame (20)
Scrolls
 h - a scroll of blinking
 k - a scroll of amnesia
Potions
 c - 5 potions of curing
 e - a potion of haste
 f - a potion of magic
 g - a potion of berserk rage


   Skills:
 - Level 2.4 Dodging
 - Level 2.4 Stealth
 - Level 19.3 Spellcasting
 + Level 5.6 Conjurations
 - Level 1.1 Transmutations
 + Level 11.6 Earth Magic


You had 35 spell levels left.
You knew the following spells:

 Your Spells              Type           Power      Damage    Failure   Level
a - Sandblast             Erth           100%       2d20      1%          1
b - Passwall              Tmut/Erth      42%        N/A       1%          2
c - Stone Arrow           Conj/Erth      100%       3d13      1%          3
d - Petrify               Tmut/Erth      51%        N/A       1%          4

Your spell library contained the following spells:

 Spells                   Type           Power      Damage    Failure   Level


Dungeon Overview and Level Annotations

Branches:
Dungeon (1/1)

Altars:
Cheibriados
Dithmenos
Elyvilon
Fedhas
Gozag
Hepliaklqana
Kikubaaqudgha
Makhleb
Nemelex Xobeh
Okawaru
Qazlal
Ru
Sif Muna
Trog
Uskayaw
Vehumet
Wu Jian
Xom
Yredelemnul
Zin
The Shining One
Jiyva
Lugonu

Shops:
D [*


Message History

Aim: a centaur warrior, quivering arrows (purple smoke, lightly wounded, 84% to hit)
Okay, then.
You feel much better. The centaur warrior hits you!
The centaur warrior kicks you.
The centaur warrior hits you but does no damage.
The centaur warrior kicks you but does no damage.
Casting: Stone Arrow (safe; 1% risk of failure)
Confirm with . or Enter, or press ? or * to list all spells.
Aiming: Stone Arrow (safe; 1% risk of failure)
Press: ? - help, Shift-Dir - straight line, f - centaur warrior, p - centaur warrior
Aim: a centaur warrior, quivering arrows (84% to hit)
Okay, then.
Okay, then.
Okay, then.
Casting: Stone Arrow (safe; 1% risk of failure)
Confirm with . or Enter, or press ? or * to list all spells.
Aiming: Stone Arrow (safe; 1% risk of failure)
Press: ? - help, Shift-Dir - straight line, f/p - centaur warrior
Aim: a centaur warrior, quivering arrows (lightly wounded, 84% to hit)
The stone arrow hits the centaur warrior!
The centaur warrior is moderately wounded.
The centaur warrior hits you!
The centaur warrior kicks you but does no damage.
The centaur warrior hits you but does no damage.
The centaur warrior kicks you.
The centaur warrior hits you but does no damage.
The centaur warrior kicks you but does no damage.
Casting: Stone Arrow (safe; 1% risk of failure)
Confirm with . or Enter, or press ? or * to list all spells.
Aiming: Stone Arrow (safe; 1% risk of failure)
Press: ? - help, Shift-Dir - straight line, f/p - centaur warrior
Aim: a centaur warrior, quivering arrows (moderately wounded, 84% to hit)
The stone arrow hits the centaur warrior!!
The centaur warrior is almost dead.
The centaur warrior hits you!
* * * LOW HITPOINT WARNING * * *
The centaur warrior misses you. The centaur warrior closely misses you.
The centaur warrior kicks you but does no damage.
The centaur warrior hits you!
You die...

##########################
#<.#..)..#..'..#__#.))...#
#..)..#..').#..'..'..#...#
#..#####'#####'#__####...+
#..####..#...#.####§ #####
#..#__####..##.#≈§§§c
#..#_____##'#_.'§≈§.§
#⌠⌠#_.∩...÷..cc#
####_..__##_.#@#
#_____###'#[#
############.###
#∩........'.).+
###++++####...# ###.###
#.#'#.# #.....# #.....#


You could see 2 centaur warriors.

Vanquished Creatures
  Sonja (D)
  2 kobold demonologists (D)
  A slime creature (D)
  Sigmund (D)
  A yak (D)
  A floating eye (D)
  An ogre (D)
  A jelly (D)
  Ijyb (D)
  A ballistomycete spore (D)
11 creatures vanquished.

Vanquished Creatures (others)
  A gargoyle (D)
  A ballistomycete spore (D)
2 creatures vanquished.

Grand Total: 13 creatures vanquished

Notes
Turn   | Place    | Note
-------+----------+-------------------------------------------
     0 | D        | manyhoops the Deep Elf Earth Elementalist began the quest
                  | for the Orb.
     0 | D        | Reached XP level 1. HP: 10/10 MP: 6/6
     1 | D        | Noticed Ijyb
     5 | D        | Killed Ijyb
     6 | D        | Reached skill level 8 in Spellcasting
     6 | D        | Reached XP level 2. HP: 9/15 MP: 2/13
   136 | D        | Noticed an ogre
   139 | D        | Killed an ogre
   140 | D        | Reached skill level 12 in Spellcasting
   140 | D        | Reached XP level 3. HP: 19/19 MP: 10/18
   140 | D        | Reached XP level 4. HP: 24/24 MP: 11/20
   205 | D        | Learned a level 2 spell: Passwall
   209 | D        | Learned a level 3 spell: Stone Arrow
   209 | D        | Noticed Sigmund
   212 | D        | Killed Sigmund
   213 | D        | Reached skill level 15 in Spellcasting
   213 | D        | Reached XP level 5. HP: 28/28 MP: 15/24
   269 | D        | Found an ornate altar of the Wu Jian Council.
   269 | D        | Found a shimmering blue altar of Sif Muna.
   271 | D        | Found a radiant altar of Vehumet.
   276 | D        | Reached XP level 6. HP: 32/32 MP: 20/26
   305 | D        | Found Tikuzab's Assorted Antiques.
   305 | D        | Found an ancient bone altar of Kikubaaqudgha.
   305 | D        | Found a hazy altar of Hepliaklqana.
   305 | D        | Found a stormy altar of Qazlal.
   305 | D        | Found a hide-covered altar of Uskayaw.
   305 | D        | Found a blossoming altar of Fedhas.
   305 | D        | Found a bloodstained altar of Trog.
   305 | D        | Found an iron altar of Okawaru.
   305 | D        | Found a basalt altar of Yredelemnul.
   305 | D        | Found a glowing golden altar of the Shining One.
   305 | D        | Found a snail-covered altar of Cheibriados.
   305 | D        | Found a sacrificial altar of Ru.
   305 | D        | Found a glowing silver altar of Zin.
   305 | D        | Found a shadowy altar of Dithmenos.
   305 | D        | Found a white marble altar of Elyvilon.
   305 | D        | Noticed a yak
   309 | D        | Killed a yak
   310 | D        | Reached skill level 17 in Spellcasting
   310 | D        | Found an opulent altar of Gozag.
   311 | D        | Found a sparkling altar of Nemelex Xobeh.
   328 | D        | Bought a bronze ring for 130 gold pieces
   377 | D        | Became a worshipper of Sif Muna the Loreminder
   399 | D        | Learned a level 4 spell: Petrify
   412 | D        | Found a burning altar of Makhleb.
   412 | D        | Found a viscous altar of Jiyva.
   412 | D        | Found a shimmering altar of Xom.
   412 | D        | Found a corrupted altar of Lugonu.
   412 | D        | Noticed a slime creature
   416 | D        | Killed a slime creature
   417 | D        | Reached skill level 18 in Spellcasting
   417 | D        | Reached XP level 7. HP: 36/36 MP: 18/31
   491 | D        | Noticed a kobold demonologist
   493 | D        | Noticed a kobold demonologist
   499 | D        | Reached skill level 19 in Spellcasting
   502 | D        | Noticed a sun demon
   503 | D        | Noticed a chaos spawn
   505 | D        | Killed a kobold demonologist
   505 | D        | Reached * piety under Sif Muna
   512 | D        | Killed a kobold demonologist
   513 | D        | Reached XP level 8. HP: 37/41 MP: 18/33
   597 | D        | Noticed Sonja
   599 | D        | Killed Sonja
   600 | D        | Reached skill level 5 in Conjurations
   620 | D        | Found Kiet's Armour Boutique.
   628 | D        | Bought a +2 pair of gloves of stealth for 279 gold pieces
   705 | D        | Killed a gargoyle
   711 | D        | Noticed a centaur warrior
   732 | D        | Noticed a centaur warrior
   735 | D        | HP: 2/41 [centaur warrior (12)]
   735 | D        | Mangled by a centaur warrior

Illustrated notes

Levels and vault maps discovered:
D:        dungeon_sprint_1 [red_sonja_temple_1, red_sonja_temple_small_1]

Skill      XL: |  1  2  3  4  5  6  7  8 |
---------------+-------------------------+-----
Spellcasting   | 8 12 15 18 19 | 19.3
Conjurations   | 3 5 |  5.6
Earth Magic    | 9 11 | 11.6
Dodging        | |  2.4
Stealth        | |  2.4
Transmutations | |  1.1

Action                   |  1- 3 |  4- 6 |  7- 9 || total
-------------------------+-------+-------+-------++-------
 Cast: Sandblast         |     7 |     4 |     7 ||    18
       Stone Arrow       |       |     7 |    18 ||    25
       Petrify           |       |       |     1 ||     1
  Use: Potion            |       |       |     2 ||     2
       Scroll            |       |       |     1 ||     1
Armor: Leather armour    |       |       |     9 ||     9
Dodge: Dodged            |       |     1 |     8 ||     9
